 Dungeon Crawl Stone Soup version 0.30.1-11-g7821555f0a (webtiles) character file.

Game seed: 6077449567178647692

64 NotreDorf the Cudgeller (level 3, -1/33 HPs)
             Began as a Minotaur Berserker on Jan 4, 2024.
             Was a Believer of Trog.
             Succumbed to a scorpion's poison
             ... on level 3 of the Dungeon.
             The game lasted 00:03:48 (1359 turns).

NotreDorf the Cudgeller (Minotaur Berserker)        Turns: 1359, Time: 00:03:48

Health: -1/33      AC:  4    Str: 23    XL:     3   Next: 91%
Magic:  2/2        EV: 11    Int:  4    God:    Trog [**....]
Gold:   94         SH:  0    Dex:  9    Spells: 2/2 levels left

rFire   . . .        s - +0 morningstar
rCold   . . .        (no shield)
rNeg    . . .        j - +0 leather armour
rPois   .            (helmet restricted)
rElec   .            r - +0 cloak
rCorr   .            (no gloves)
SInv    .            (no boots)
Will    .....        (no amulet)
Stlth   +            (no ring)
HPRegen 0.25/turn    (no ring)
MPRegen 0.08/turn

%: no passive effects
@: mighty, lethally poisoned (-1 -> -18)
A: horns 2, retaliatory headbutt
a: Renounce Religion, Berserk, Trog's Hand


You were on level 3 of the Dungeon.
You worshipped Trog.
Trog was pleased with you.
You visited 1 branch of the dungeon, and saw 3 of its levels.

You collected 94 gold pieces.

Inventory:

Hand Weapons
 s - a +0 morningstar (weapon)
Armour
 j - a +0 leather armour (worn)
 r - a +0 cloak (worn)
Wands
 b - a wand of charming (16)
Scrolls
 d - 2 scrolls of torment {unknown}
 e - a scroll of immolation {unknown}
 h - 2 scrolls of noise {unknown}
 i - a scroll of teleportation {unknown}
 l - 3 scrolls of vulnerability {unknown}
 m - a scroll of enchant weapon {unknown}
 o - 3 scrolls of identify {unknown}
 q - a scroll of fear {unknown}
Potions
 c - 2 potions of flight {unknown}
 f - a potion of heal wounds {unknown}
 g - 3 potions of cancellation {unknown}
 k - a potion of attraction {unknown}
 n - a potion of curing {unknown}


   Skills:
 + Level 4.2 Fighting
 + Level 4.3 Maces & Flails
 + Level 3.3 Armour
 - Level 2.3 Dodging
 + Level 1.4 Unarmed Combat


You had 2 spell levels left.
You didn't know any spells.
Your spell library was empty.

Dungeon Overview and Level Annotations

Branches:
Dungeon (3/15)

Altars:

Shops:
D:2 :


Innate Abilities, Weirdness & Mutations

You have a pair of horns on your head.
You reflexively headbutt those who attack you in melee.


Message History

s - a +0 morningstar
s - a +0 morningstar (weapon)
You drop a +0 mace.
HP restored.
A gnoll comes into view. It is wielding a +0 club.
The gnoll shouts!
An endoplasm and a scorpion come into view.
The endoplasm quivers.
The scorpion moves out of view.
A bat comes into view.
Found a leather armour and a scroll labelled TEREIMUDAYR.
You barely miss the gnoll. You headbutt the gnoll!
The gnoll is severely wounded.
The bat barely misses you. The gnoll closely misses you.
You barely miss the gnoll.
You headbutt the gnoll, but do no damage.
The gnoll is severely wounded.
The bat closely misses you. The gnoll barely misses you.
You barely miss the gnoll. Your headbutt misses the gnoll.
The gnoll is severely wounded.
The gnoll hits you with a +0 club. The scorpion stings you. x2
You are poisoned.
The scorpion poisons you! The gnoll hits you with a +0 club.
You are too injured to fight recklessly!
You are too injured to fight recklessly!
You feel sick.
You feel very mighty all of a sudden.
You feel sick. The scorpion stings you.
* * * LOW HITPOINT WARNING * * *
You are lethally poisoned!
The scorpion poisons you!
You barely miss the scorpion.
* * * LOW HITPOINT WARNING * * *
You feel very sick. The scorpion stings you.
* * * LOW HITPOINT WARNING * * *
You are more poisoned.
The scorpion poisons you! The scorpion misses you.
You closely miss the scorpion. Your headbutt misses the scorpion.
You die...

#.# #.# #.# # #.# ..# #.#
⌠...# #.# ......##### #.#
### .....bgs@.###
#.####.# .....⌠J##...###
#.......
.#.....#..⌠...####..###..
[.....##.....)..###.# ##.
......#.............# #.
.....##......†.⌠.#### #.
..⌠..#.....#.....#.#####.
#.?.##.⌠........##.......
#...........#####...#


You could see a scorpion, a gnoll, an endoplasm and a bat.

Vanquished Creatures
  2 adders
  A worm (D:2)
  2 dart slugs (D:1)
  An orc (D:3)
  8 ball pythons (D:1)
  7 bats
  2 endoplasms
  4 goblins
  2 hobgoblins
  3 jackals (D:2)
  A frilled lizard (D:1)
  3 kobolds
  2 rats (D:2)
38 creatures vanquished.

Notes
Turn   | Place    | Note
-------+----------+-------------------------------------------
     0 | D:1      | NotreDorf the Minotaur Berserker began the quest for the
                  | Orb.
     0 | D:1      | Reached XP level 1. HP: 19/19 MP: 0/0
   102 | D:1      | Reached XP level 2. HP: 24/27 MP: 1/1
   253 | D:1      | Reached ** piety under Trog
   449 | D:1      | Reached skill level 1 in Unarmed Combat
   598 | D:2      | Reached XP level 3. HP: 33/33 MP: 2/2
  1013 | D:2      | Found Tikhlasch's Book Emporium.
  1351 | D:3      | Noticed a scorpion
  1359 | D:3      | Succumbed to a scorpion's poison

Illustrated notes

Levels and vault maps discovered:
D:1:      erik_arrival_blinker_ship, layout_rooms, minmay_tetromino_s2
D:2:      layout_loops_cross, serial_shops, shop, minmay_misc_feat_pillars
D:3:      minmay_skewed_foursquare, layout_loops_ring,
          nemelex_diamond_rough_becter

Skill      XL: |  1  2 |
---------------+-------+-----
Fighting       | 4 |  4.2
Maces & Flails | 4 |  4.3
Armour         | 3 |  3.3
Unarmed Combat | 1 |  1.4
Dodging        | |  2.3

Action                     || total
---------------------------++-------
  Melee: Mace              ||    74
         Headbutt          ||    11
         Morningstar       ||     5
    Use: Potion            ||     1
   Stab: Sleeping          ||     1
 Armour: Animal skin       ||     7
         Leather armour    ||    10
  Dodge: Dodged            ||    68
